 Dungeon Crawl Stone Soup version 0.31-a0-358-gac0dbeb3ab (webtiles) character file.

Game seed: 1612462619578440912

23149 Conn the Arsonist (level 13, -8/127 HPs)
             Began as an Octopode Fire Elementalist on July 26, 2023.
             Was a High Priest of Vehumet.
             Mangled by an orc warrior
             ... wielding a +0 flail
              (17 damage)
             ... on level 2 of the Orcish Mines.
             The game lasted 00:47:12 (13320 turns).

Conn the Arsonist (Octopode Fire Elementalist)     Turns: 13320, Time: 00:47:15

Health: -8/127     AC: 26    Str:  8    XL:     13   Next: 4%
Magic:  20/28      EV:  2    Int: 21    God:    Vehumet [*****.]
Gold:   465        SH:  6    Dex: 13    Spells: 9/34 levels left

rFire   + + .        a - staff of fire
rCold   . . .        F - +1 buckler
rNeg    . . .        l - melded +2 hat
rPois   +            E - amulet of faith
rElec   .            A - ring of resist corrosion
rCorr   +            G - ring of protection from fire
SInv    .            H - +5 ring of evasion
Will    .....        J - +4 ring of slaying
Stlth   +++          K - +5 ring of evasion
HPRegen 0.41/turn    (no ring)
MPRegen 0.21/turn    (no ring)
                     (no ring)

%: faith
@: tree-form (expiring), studying Axes
A: stationary, stasis, torment immunity, boosted hp, almost no armour,
(amphibious), 8 rings, (camouflage 1), (gelatinous body 1), (nimble swimmer 1),
(tentacles)
a: Renounce Religion


You were on level 2 of the Orcish Mines.
You worshipped Vehumet.
Vehumet was extremely pleased with you.
You were a tree.
You visited 2 branches of the dungeon, and saw 14 of its levels.

You collected 765 gold pieces.
You spent 300 gold pieces at shops.

Inventory:

Hand Weapons
 b - a +3 orcbow of flaming
 g - a +0 mace
Missiles
 e - 11 poisoned darts
 k - a curare-tipped dart (quivered)
Armour
 l - a +2 hat (melded)
 C - a +0 kite shield
 F - a +1 buckler (worn)
Magical Staves
 a - a staff of fire (weapon)
Jewellery
 A - a ring of resist corrosion (left branch)
 D - a ring of ice
 E - an amulet of faith (around neck)
 G - a ring of protection from fire (right branch)
 H - a +5 ring of evasion (on tentacle)
 J - a +4 ring of slaying (on tentacle)
 K - a +5 ring of evasion (on tentacle)
Wands
 j - a wand of flame (33)
 x - a wand of paralysis (15)
Scrolls
 d - 3 scrolls of amnesia
 h - a scroll of blinking
 i - 6 scrolls of identify
 n - 3 scrolls of immolation
 o - 3 scrolls of silence
 s - a scroll of teleportation
 u - 2 scrolls of vulnerability
Potions
 m - a potion of haste
 p - a potion of lignification
 q - 2 potions of curing
 r - a potion of attraction
 v - a potion of brilliance
 y - a potion of heal wounds
 z - a potion of resistance
 B - a potion of enlightenment


   Skills:
 + Level 6.7 Fighting
 + Level 2.3(2.4) Maces & Flails
 + Level 0.5(1.5) Staves
 + Level 0.5 Throwing
 + Level 7.3 Dodging
 + Level 5.6 Stealth
 * Level 6.2 Shields
 * Level 11.2 Spellcasting
 + Level 4.4 Conjurations
 + Level 2.7 Hexes
 + Level 4.7 Summonings
 * Level 11.3 Fire Magic
 + Level 0.1 Air Magic


You had 9 spell levels left.
You knew the following spells:

 Your Spells              Type           Power      Damage    Failure   Level
a - Foxfire               Conj/Fire      100%       2x1d9     1%          1
b - Scorch                Fire           100%       2d9       1%          2
c - Inner Flame           Hex/Fire       58%        N/A       1%          3
d - Flame Wave            Conj/Fire      61%        2d14      1%          4
e - Sticky Flame          Conj/Fire      61%        2d8       1%          4
f - Summon Small Mammal   Summ           100%       N/A       1%          1
g - Summon Guardian Gole  Hex/Summ       27%        N/A       5%          3
h - Call Canine Familiar  Summ           31%        N/A       3%          3
i - Airstrike             Air            6%         2d(1-17)  21%         4

Your spell library contained the following spells:

 Spells                   Type           Power      Damage    Failure   Level
 Olgreb's Toxic Radiance  Pois           11%        N/A       21%         4
 Volatile Blastmotes      Fire/Tloc      100%       2d18      1%          3
 Conjure Ball Lightning   Conj/Air       10%        3x3d6     73%         6
 Discord                  Hex            11%        N/A       100%        8
 Disjunction              Tloc           5%         N/A       100%        8


Dungeon Overview and Level Annotations

Branches:
Dungeon (12/15)            Temple (0/1) D:5             Orc (2/2) D:11
   Lair: D:8-11         Elf: Orc:2

Altars:
Ashenzari
Cheibriados
Gozag
Hepliaklqana
Qazlal
Trog
Uskayaw
Vehumet
Yredelemnul

Shops:
D:4 =   D:5 (   D:7 *   D:9 :   D:11 *


Innate Abilities, Weirdness & Mutations

You are a tree.
Your roots penetrate the ground, keeping you stationary.
You cannot be teleported.
You are immune to unholy pain and torment.
Your maximum health is greatly increased.
You cannot wear most types of armour.
((You are amphibious.))
You can wear up to eight rings at the same time.
((Your skin changes colour to match your surroundings (Stealth+).))
((Your rubbery body absorbs attacks. (AC +1, EV +1)))
((You are camouflaged when in or above water. (Stealth+)))
((You have tentacles for arms and can constrict up to eight enemies at once.))


Message History

Aiming: Sticky Flame (mildly dangerous; 1% risk of failure)
Press: ? - help, Shift-Dir - straight line, f - orc warrior
Aim: an orc warrior, wielding a +0 flail and wearing a +0 chain mail (strong)
You feel a surge of power!
The sticky flame hits the orc warrior!
The orc warrior is moderately wounded.
The orc warrior is covered in liquid flames!
You hear a shout!
The orc warrior burns!
The centaur barely misses your butterfly. x2
The orc warrior barely misses your butterfly.
The orc warrior hits you with a +0 trident.
* * * LOW HITPOINT WARNING * * *
The orc warrior hits you but does no damage. x2
The orc warrior hits something with a +0 glaive!!!
The centaur hits your butterfly.
Your butterfly dies!
Your butterfly disappears in a burst of colours!
Unknown command.
Unknown command.
Casting: Sticky Flame (mildly dangerous; 1% risk of failure)
Confirm with . or Enter, or press ? or * to list all spells.
Aiming: Sticky Flame (mildly dangerous; 1% risk of failure)
Press: ? - help, Shift-Dir - straight line, f - orc warrior, p - orc warrior
Aim: an orc warrior, wielding a +0 mace and wearing a +0 plate armour (strong, ally target)
You feel a surge of power!
The sticky flame hits the orc warrior!
The orc warrior is moderately wounded.
The orc warrior is covered in liquid flames!
The orc warrior burns! x2; You block the orc warrior's attack.
A centaur comes into view.
The orc warrior closely misses your butterfly.
The orc warrior hits you with a +0 flail!
* * * LOW HITPOINT WARNING * * *
The orc warrior hits you but does no damage.
You feel better.
The orc warrior burns! x2
The centaur closely misses your butterfly. x2
The orc warrior completely misses your butterfly.
The orc warrior hits you with a +0 trident.
* * * LOW HITPOINT WARNING * * *
The orc warrior hits you with a +0 flail!
You die...

###############
..bb....o.....##
..c.bb..♣o.o...##
..b##bb##ob##...#
.b.....cb)##..#
≈≈≈......cbo.#..#
#≈≈≈≈........b..#
###≈≈≈≈.))b..#..#
##≈≈≈≈o)...#..#


oooo .)......# ........# You could see 5 orc warriors and 3 centaurs.

Vanquished Creatures
  3 two-headed ogres
  A wolf spider zombie (D:12)
  A manticore (D:12)
  An ugly thing (D:11)
  3 orc sorcerers
  3 cyclopes (D:12)
  12 centaur zombies (D:12)
  A gargoyle (D:12)
  Maggie (D:6)
  2 komodo dragons (D:11)
  5 trolls
  2 meliai zombies (D:12)
  8 vampires
  6 wraiths
  A shadow (D:12)
  A wyvern (D:9)
  24 yaks
  A steam dragon (D:9)
  3 vampire mosquitoes (D:10)
  2 wargs (Orc:1)
  A water moccasin (D:5)
  14 orc warriors
  4 ogres
  7 centaurs
  A phantom (D:6)
  3 bullfrogs
  3 scorpions
  7 wights
  5 killer bees
  7 howler monkeys
  2 gnoll boudas
  5 hounds
  3 orc priests
  Crazy Yiuf (D:7)
  A boggart zombie (D:12)
  Ijyb (D:4)
  6 iguanas
  A sleepcap (D:4)
  8 orc wizards
  9 adders
  9 gnolls
  A shadow imp (D:8)
  3 ufetubi
  A worm (D:2)
  A dart slug (D:3)
  49 orcs
  8 endoplasms
  3 giant cockroaches
  2 goblins
  5 hobgoblins
  2 jackals (D:1)
  3 quokkas
  6 ball pythons
  3 frilled lizards
  4 kobolds
  3 rats
  A spectral orc (D:11)
274 creatures vanquished.

Vanquished Creatures (collateral kills)
  4 foxfires
4 creatures vanquished.

Vanquished Creatures (others)
  2 yaks (D:10)
  An orc warrior (Orc:1)
  An orc wizard (Orc:1)
  An orc (Orc:1)
  652 foxfires
657 creatures vanquished.

Grand Total: 935 creatures vanquished

Notes
Turn   | Place    | Note
-------+----------+-------------------------------------------
     0 | D:1      | Conn the Octopode Fire Elementalist began the quest for the
                  | Orb.
     0 | D:1      | Reached XP level 1. HP: 11/11 MP: 3/3
   330 | D:1      | Reached XP level 2. HP: 17/17 MP: 3/5
  1139 | D:2      | Reached XP level 3. HP: 11/22 MP: 6/6
  1745 | D:3      | Found a broken altar of Ashenzari.
  1917 | D:3      | Reached skill level 1 in Fighting
  2095 | D:3      | Found a faded altar of an unknown god.
  2138 | D:3      | Reached XP level 4. HP: 19/28 MP: 7/7
  2345 | D:3      | Found a hazy altar of Hepliaklqana.
  2508 | D:3      | Reached skill level 1 in Shields
  2508 | D:3      | Reached XP level 5. HP: 15/33 MP: 7/9
  2760 | D:3      | Learned a level 2 spell: Scorch
  2764 | D:3      | Learned a level 3 spell: Inner Flame
  2818 | D:4      | Reached skill level 1 in Maces & Flails
  2915 | D:4      | You fall into a shaft and drop 2 floors!
  2924 | D:6      | Reached XP level 6. HP: 39/39 MP: 5/10
  2969 | D:6      | Noticed Maggie
  2987 | D:6      | Killed Maggie
  2988 | D:6      | Reached XP level 7. HP: 31/45 MP: 6/11
  3114 | D:6      | Reached skill level 1 in Hexes
  3188 | D:5      | Entered Level 5 of the Dungeon
  3254 | D:5      | Found Usoxygo's Weapon Shop.
  3570 | D:4      | Found a snail-covered altar of Cheibriados.
  3700 | D:4      | Noticed Ijyb
  3705 | D:4      | Paralysed by Ijyb for 3 turns
  3709 | D:4      | Killed Ijyb
  3914 | D:4      | Found Zaajapik's Jewellery Emporium.
  3933 | D:4      | Reached skill level 5 in Stealth
  4485 | D:4      | Learned a level 4 spell: Flame Wave
  4518 | D:5      | Reached XP level 8. HP: 51/51 MP: 9/13
  4553 | D:5      | Found an opulent altar of Gozag.
  4941 | D:5      | Found a radiant altar of Vehumet.
  4947 | D:5      | Became a worshipper of Vehumet
  4994 | D:5      | Found a staircase to the Ecumenical Temple.
  5297 | D:6      | Reached skill level 5 in Fire Magic
  5538 | D:6      | Found a hide-covered altar of Uskayaw.
  5740 | D:7      | Noticed a two-headed ogre
  5750 | D:7      | Killed a two-headed ogre
  5751 | D:7      | Reached skill level 5 in Spellcasting
  5751 | D:7      | Reached XP level 9. HP: 41/58 MP: 2/17
  6681 | D:7      | Found Cikor's Gadget Gallery.
  6693 | D:7      | Learned a level 4 spell: Sticky Flame
  6730 | D:7      | Reached * piety under Vehumet
  6730 | D:7      | Offered knowledge of Sandblast by Vehumet.
  6731 | D:7      | Reached skill level 5 in Dodging
  6886 | D:7      | Found a runed translucent door.
  6887 | D:7      | Noticed Crazy Yiuf
  6893 | D:7      | Killed Crazy Yiuf
  7084 | D:8      | Reached XP level 10. HP: 58/65 MP: 8/19
  7392 | D:8      | Noticed a death yak
  7394 | D:8      | Noticed a death yak
  7814 | D:9      | Found a stormy altar of Qazlal.
  7901 | D:9      | Found a bloodstained altar of Trog.
  8185 | D:9      | Offered knowledge of Magic Dart by Vehumet.
  8226 | D:9      | Reached ** piety under Vehumet
  8329 | D:9      | Found Riuduar's Book Shop.
  8357 | D:9      | Bought a book of Callings for 300 gold pieces
  8359 | D:9      | Learned a level 1 spell: Summon Small Mammal
  8363 | D:9      | Learned a level 3 spell: Summon Guardian Golem
  8367 | D:9      | Learned a level 3 spell: Call Canine Familiar
  8593 | D:9      | Reached skill level 1 in Summonings
  8994 | D:10     | Entered Level 10 of the Dungeon
  8995 | D:10     | Noticed a two-headed ogre
  9176 | D:10     | Reached skill level 5 in Fighting
  9582 | D:10     | Killed a two-headed ogre
  9583 | D:10     | Reached XP level 11. HP: 72/72 MP: 11/23
  9658 | D:10     | Noticed a two-headed ogre
  9665 | D:10     | Killed a two-headed ogre
  9853 | D:10     | Reached skill level 5 in Shields
  9853 | D:10     | Offered knowledge of Searing Ray by Vehumet.
 10164 | D:11     | Found Diso's Desiderata Depot.
 10275 | D:11     | Noticed a purple ugly thing
 10287 | D:11     | Killed a purple ugly thing
 10306 | D:11     | Reached *** piety under Vehumet
 10823 | D:11     | Offered knowledge of Fulminant Prism by Vehumet.
 11004 | D:11     | Found a staircase to the Orcish Mines.
 11072 | D:11     | Found a basalt altar of Yredelemnul.
 11338 | D:12     | Noticed a cyclops
 11342 | D:12     | Killed a cyclops
 11352 | D:12     | Noticed a manticore
 11359 | D:12     | Killed a manticore
 11360 | D:12     | Reached skill level 10 in Fire Magic
 11365 | D:12     | Reached XP level 12. HP: 67/79 MP: 7/25
 11598 | D:12     | Reached skill level 10 in Spellcasting
 11944 | D:12     | Reached **** piety under Vehumet
 12129 | D:12     | Offered knowledge of Airstrike by Vehumet.
 12524 | D:12     | Found a broken altar of Ashenzari.
 13097 | D:12     | Learned a level 4 spell: Airstrike
 13163 | Orc:1    | Entered Level 1 of the Orcish Mines
 13183 | Orc:1    | Reached ***** piety under Vehumet
 13187 | Orc:1    | Offered knowledge of Olgreb's Toxic Radiance by Vehumet.
 13216 | Orc:1    | Noticed an orc warlord
 13225 | Orc:1    | Noticed an orc warlord
 13271 | Orc:2    | Entered Level 2 of the Orcish Mines
 13288 | Orc:2    | Reached XP level 13. HP: 28/85 MP: 8/28
 13319 | Orc:2    | HP: 6/127 [orc warrior/+0 flail (14)]
 13320 | Orc:2    | Mangled by an orc warrior

Illustrated notes

Levels and vault maps discovered:
D:1:      minmay_arrival_four_circles, layout_loops_ring,
          hangedman_decor_slide_cut, chequers_serial_rivers_micro_e
D:2:      layout_basic
D:3:      minmay_chambers_of_twos, layout_basic,
          mainiacjoe_overflow_surrounded_room, nicolae_hepliaklqana_hippocampus,
          shapermc_ecumenical_altar_mp_highgroup, grunt_decor_resistance,
          hex_large
D:4:      layout_loops_corners, mainiacjoe_overflow_small_starburst,
          serial_forest, infiniplex_forest_straight_4,
          infiniplex_forest_clump_curved, infiniplex_forest_straight_4,
          infiniplex_forest_lined_room_3, infiniplex_forest_end_2,
          infiniplex_forest_clump_double, infiniplex_forest_corner_1,
          infiniplex_forest_lined_4_way, minmay_shop_enchanted_jewellery,
          uniq_ijyb
D:5:      layout_cave_pools, mainiacjoe_overflow_alcove_2,
          nicolae_gozag_seed_capital, minmay_temple_entry_slanted, serial_shops,
          nicolae_shop_advertising_works [nicolae_subvault_shop_adworks]
D:6:      layout_rooms, lemuel_tele_altar, uniq_maggie
D:7:      layout_basic, nicolae_shop_gadgets, uniq_crazy_yiuf_cottage
D:8:      layout_loops_ring, dpeg_lair_monsters, corner_web_ring,
          minmay_manual_mares
D:9:      layout_layer_cave, grunt_temple_overflow_open, serial_shops, shop
D:10:     layout_basic, serial_park_tiny_2, minmay_misc_feat_plants,
          hangedman_abyss_or_decor_clamps, dreamdust_princess_bridge
D:11:     layout_rooms, orc_0_dummy, nicolae_alphabet_shops,
          yredelemnul_forgotten_temple_becter
D:12:     layout_irregular_city, serial_undead, serial_undead_d,
          serial_undead_a, serial_undead_d, serial_undead_a, serial_undead_c,
          evilmike_ruin_ashenzari
Orc:1:    layout_diamond_mine, minmay_orc_barracks
Orc:2:    st_orc_rangers, layout_caves, basic_altar, uniq_sonja, uniq_saint_roka

Skill      XL: |  1  2  3  4  5  6  7  8  9 10 11 12 |
---------------+-------------------------------------+-----
Fighting       | 1 2 3 4 5 6 |  6.7
Stealth        | 3 4 5 |  5.6
Shields        | 1 2 3 4 5 6 |  6.2
Maces & Flails | 1 2 |  2.3
Dodging        | 3 4 5 6 7 |  7.3
Spellcasting   | 3 5 6 8 9 11 | 11.2
Conjurations   | 2 3 4 |  4.4
Fire Magic     | 4 6 7 9 10 11 | 11.3
Hexes          | 1 2 |  2.7
Summonings     | 2 3 4 |  4.7
Staves         | |  0.5
Throwing       | |  0.5
Air Magic      | |  0.1

Action                     |  1- 3 |  4- 6 |  7- 9 | 10-12 | 13-15 || total
---------------------------+-------+-------+-------+-------+-------++-------
  Melee: Unarmed           |     3 |       |       |       |       ||     3
         Tentacles         |    11 |     4 |    10 |     6 |       ||    31
         Constrict         |     7 |     9 |     9 |     8 |       ||    33
         Mace              |    24 |    32 |    34 |       |       ||    90
         Punch             |       |     1 |       |       |       ||     1
         Staff             |       |       |     3 |    34 |     1 ||    38
  Throw: Dart              |       |     2 |     1 |     5 |       ||     8
   Cast: Foxfire           |    42 |    33 |   108 |   181 |     7 ||   371
         Scorch            |       |     3 |    33 |   104 |       ||   140
         Inner Flame       |       |     1 |     7 |    52 |     3 ||    63
         Flame Wave        |       |       |     6 |    35 |       ||    41
         Summon Small Mamm |       |       |       |     6 |       ||     6
         Call Canine Famil |       |       |       |     2 |       ||     2
         Summon Guardian G |       |       |       |     3 |       ||     3
         Airstrike         |       |       |       |     1 |       ||     1
         Sticky Flame      |       |       |       |       |     2 ||     2
  Evoke: Wand              |       |       |       |     1 |       ||     1
    Use: Scroll            |       |     1 |    15 |    11 |     1 ||    28
         Potion            |       |     1 |     3 |     8 |     4 ||    16
   Stab: Sleeping          |     2 |     3 |     1 |     1 |       ||     7
         Distracted        |       |       |     1 |       |       ||     1
 Armour: Skin              |     4 |     5 |     1 |    43 |     8 ||    61
  Dodge: Dodged            |    15 |    31 |    57 |   142 |     3 ||   248
  Block: Buckler           |       |       |       |    51 |     2 ||    53

Table legend: (Time is in decaauts)
 A = Elapsed time spent in this place.
 B = Non-inter-level travel time spent in this place.
 C = Inter-level travel time spent in this place.
 D = Time resting spent in this place.
 E = Time spent auto-exploring this place.
 F = Levels seen in this place.
 G = Mean time per level.
                   A        B        C        D        E       F      G
               +--------+--------+--------+--------+--------+-----+--------+
         Total |  13353 |  13041 |    312 |    786 |   9261 |  14 |  953.8 |
       Dungeon |  13194 |  12883 |    311 |    783 |   9261 |  12 | 1099.5 |
  Orcish Mines |    158 |    158 |      0 |      3 |      0 |   2 |   79.0 |
               +--------+--------+--------+--------+--------+-----+--------+

Top non-repeatable levels by time:
    D:12: 2037 daAuts
     D:9: 1377 daAuts
     D:7: 1342 daAuts
     D:4: 1294 daAuts
    D:10: 1208 daAuts
     D:3: 1143 daAuts
     D:6: 986 daAuts
    D:11: 925 daAuts
     D:2: 890 daAuts
     D:1: 773 daAuts
     D:5: 773 daAuts
     D:8: 441 daAuts
   Orc:1: 109 daAuts
   Orc:2: 49 daAuts
